 Dungeon Crawl Stone Soup version 0.30.1-11-g7821555f0a (webtiles) character file.

Game seed: 11775155200839807238

112 booth the Chopper (level 4, 0/38 HPs)
             Began as a Demonspawn Monk on Dec 20, 2023.
             Slain by a black bear (5 damage)
             ... on level 3 of the Dungeon.
             The game lasted 00:16:01 (2827 turns).

booth the Chopper (Demonspawn Monk)                 Turns: 2827, Time: 00:16:01

Health: 0/38       AC:  4    Str: 14    XL:     4   Next: 63%
Magic:  4/4        EV: 12    Int: 11    God:
Gold:   115        SH:  0    Dex: 15    Spells: 3/3 levels left

rFire   . . .        a - +1 hand axe
rCold   . . .        d - orb {light}
rNeg    . . .        h - +0 leather armour
rPois   .            (no helmet)
rElec   .            (no cloak)
rCorr   .            (no gloves)
SInv    .            (no boots)
Will    .....        (no amulet)
Stlth   +            (no ring)
HPRegen 0.26/turn    (no ring)
MPRegen 0.09/turn

%: no passive effects
@: glowing
A: claws 1, rugged brown scales 1
a: no special abilities


You were on level 3 of the Dungeon.
You visited 1 branch of the dungeon, and saw 3 of its levels.

You collected 115 gold pieces.

Inventory:

Hand Weapons
 a - a +1 hand axe (weapon)
 i - a +0 war axe
 p - a +0 mace of protection
Missiles
 l - 5 boomerangs (quivered)
 o - 2 poisoned darts
Armour
 b - a +0 robe
 d - an orb of light (worn)
 h - a +0 leather armour (worn)
 k - a +0 pair of gloves
Jewellery
 g - a ring of fire
Potions
 c - a potion of ambrosia
 f - a potion of resistance
 j - 3 potions of flight
 n - 3 potions of curing


   Skills:
 + Level 3.9 Fighting
 * Level 4.3 Axes
 - Level 2.7 Dodging


You had 3 spell levels left.
You didn't know any spells.
Your spell library contained the following spells:

 Spells                   Type           Power      Damage    Failure   Level
 Apportation              Tloc           0%         N/A       41%         1
 Slow                     Hex            0%         N/A       41%         1
 Blink                    Tloc           0%         N/A       56%         2
 Lesser Beckoning         Tloc           0%         N/A       56%         2
 Confusing Touch          Hex            0%         N/A       80%         3
 Vampiric Draining        Necr           0%         2d6       80%         3
 Simulacrum               Ice/Necr       0%         N/A       100%        6
 Ozocubu's Refrigeration  Ice            0%         4d7       100%        7
 Polar Vortex             Ice            0%         N/A       100%        9


Dungeon Overview and Level Annotations

Branches:
Dungeon (3/15)

Altars:


Innate Abilities, Weirdness & Mutations

You have sharp fingernails.
You are partially covered in rugged brown scales. (AC +1, +3% HP)


Message History

You feel less confused. The black bear closely misses you.
The black bear misses you. The black bear claws you.
You hit the black bear.
The black bear is moderately wounded.
The black bear misses you.
The black bear claws you but does no damage.
The black bear claws you.
You hit the black bear.
The black bear is heavily wounded.
The black bear bites you.
The black bear claws you but does no damage.
The black bear claws you.
You hit the black bear but do no damage.
The black bear is heavily wounded.
The black bear closely misses you.
The black bear claws you but does no damage.
The black bear claws you.
You slash the black bear!
The black bear is severely wounded.
The black bear bites you.
The black bear claws you but does no damage.
The black bear claws you.
You barely miss the black bear.
The black bear is severely wounded.
The black bear goes berserk!
You hit the black bear.
The black bear is almost dead.
The black bear closely misses you. The black bear claws you. x2
The black bear barely misses you.
The black bear claws you but does no damage.
The black bear misses you.
You hit the black bear.
The black bear is almost dead.
The black bear bites you!
* * * LOW HITPOINT WARNING * * *
The black bear barely misses you. The black bear closely misses you.
The black bear bites you but does no damage.
The black bear claws you.
You die...

#....# ###
####.# #.#
#.# # #.#.#
###.#.#
#.....#
###(######.
#@h......
#########


You could see a black bear (berserk).

Vanquished Creatures
  4 adders
  A dart slug (D:3)
  2 orcs (D:3)
  3 bats
  5 endoplasms
  A giant cockroach (D:3)
  10 goblins
  7 hobgoblins
  7 jackals
  2 quokkas
  4 ball pythons
  7 frilled lizards
  7 kobolds
  7 rats
67 creatures vanquished.

Notes
Turn   | Place    | Note
-------+----------+-------------------------------------------
     0 | D:1      | booth the Demonspawn Monk began the quest for the Orb.
     0 | D:1      | Reached XP level 1. HP: 18/18 MP: 1/1
   243 | D:1      | Reached skill level 3 in Axes
   243 | D:1      | Gained mutation: You have sharp fingernails. [demonic
                  | ancestry]
   243 | D:1      | Reached XP level 2. HP: 20/24 MP: 2/2
   715 | D:1      | Reached XP level 3. HP: 21/29 MP: 3/3
   807 | D:1      | Got the Verses on Direction
  1789 | D:2      | Found a faded altar of an unknown god.
  2099 | D:2      | Gained mutation: You are partially covered in rugged brown
                  | scales. (AC +1, +3% HP) [demonic ancestry]
  2099 | D:2      | Reached XP level 4. HP: 30/38 MP: 4/4
  2210 | D:3      | Reached skill level 4 in Axes
  2814 | D:3      | Noticed a black bear
  2827 | D:3      | Slain by a black bear

Illustrated notes

Levels and vault maps discovered:
D:1:      sevenhm_arrival_forest_fort_large_2, layout_loops_corners,
          minmay_misc_feat_room, minmay_hexomino_c4
D:2:      layout_loops_cross, dilly_ecumenical_altar_fadedgnrine,
          corexii_leaking_fountain, grunt_decor_arrowhead
D:3:      layout_basic

Skill      XL: |  1  2  3  4 |
---------------+-------------+-----
Axes           | 3 4 |  4.3
Fighting       | |  3.9
Dodging        | |  2.7

Action                     |  1- 3 |  4- 6 || total
---------------------------+-------+-------++-------
  Melee: Hand axe          |   107 |    55 ||   162
  Throw: Dart              |       |     2 ||     2
    Use: Scroll            |     5 |     2 ||     7
         Potion            |       |     1 ||     1
 Armour: Leather armour    |    19 |    17 ||    36
         Robe              |     1 |       ||     1
  Dodge: Dodged            |    42 |    44 ||    86
